 Dungeon Crawl Stone Soup version 0.26-a0-259-g1effd001a9 (webtiles) character file.

Game seed: 17835239426632845717

187 Esekla the Skirmisher (level 5, -7/43 HPs)
             Began as a Formicid Abyssal Knight on July 13, 2020.
             Was a Believer of Lugonu.
             Mangled by a centaur (8 damage)
             ... on level 8 of the Dungeon.
             The game lasted 00:13:53 (2141 turns).

Esekla the Skirmisher (Formicid Abyssal Knight)     Turns: 2141, Time: 00:13:53

Health: -7/43      AC:  4    Str: 20    XL:     5   Next: 99%
Magic:  6/7        EV: 11    Int: 11    God:    Lugonu [**....]
Gold:   119        SH:  0    Dex: 11    Spells: 3/6 levels left

rFire    + + .     SeeInvis +   a - +1 falchion
rCold    . . .     Faith    .   (no shield)
rNeg     . . .     Spirit   .   b - +0 leather armour
rPois    .         Reflect  .   (helmet unavailable)
rElec    .         Harm     .   (no cloak)
rCorr    .                      (no gloves)
MR       ++...                  g - +0 pair of boots
Stlth    +.........             d - amulet of Insomnia {Acrobat rF++ MR++ Str+3}
HPRegen  0.14/turn              (no ring)
MPRegen  0.10/turn              (no ring)

@: no status effects
A: permanent stasis, dig shafts and tunnels, four strong arms, antennae 3, [no
potion heal 2]
a: Dig, Shaft Self, Depart the Abyss, Bend Space, Renounce Religion


You were on level 8 of the Dungeon.
You worshipped Lugonu.
Lugonu was pleased with you.
You were not hungry.

You visited 1 branch of the dungeon, and saw 7 of its levels.
You visited the Abyss 1 time.

You collected 119 gold pieces.

Inventory:

Hand Weapons
 a - a +1 falchion (weapon)
 f - a +0 short sword
Missiles
 j - 20 poisoned darts (quivered)
 n - 2 boomerangs
Armour
 b - a +0 leather armour (worn)
 g - a +0 pair of boots (worn)
Jewellery
 d - the amulet of Insomnia (around neck) {Acrobat rF++ MR++ Str+3}
   (You found it on level 2 of the Abyss)

   [amulet of the acrobat]

   It helps you evade while moving and waiting.
   It affects your strength (+3).
   It greatly protects you from fire.
   It affects your resistance to hostile enchantments.
Scrolls
 e - 2 scrolls of remove curse {unknown}
 h - a scroll of teleportation {unknown}
 k - a scroll of blinking {unknown}
 l - 2 scrolls of identify {unknown}
 o - a scroll of immolation {unknown}
 r - a scroll of noise {unknown}
Potions
 i - a potion of flight {unknown}
 m - a potion of stabbing {unknown}
 p - a potion of haste {unknown}
 q - a potion of curing {unknown}
Comestibles
 c - 7 rations


   Skills:
 + Level 4.8 Fighting
 + Level 3.5 Long Blades
 + Level 0.1 Throwing
 * Level 2.6 Armour
 + Level 1.0 Dodging
 + Level 0.1 Stealth
 * Level 1.3 Spellcasting
 + Level 3.0 Invocations


You had 3 spell levels left.
You knew the following spells:

 Your Spells              Type           Power        Failure   Level
c - Mephitic Cloud        Conj/Pois/Air  #.......     71%         3

Your spell library contained the following spells:

 Spells                   Type           Power        Failure   Level
 Magic Dart               Conj           #...         34%         1
 Call Imp                 Summ           #.......     47%         2
 Slow                     Hex            #.......     47%         2
 Conjure Flame            Conj/Fire      #.......     71%         3
 Blink                    Tloc           Unusable     N/A         2

Dungeon Overview and Level Annotations

Branches:
Dungeon (6/15)
 Temple: D:4-7

Altars:
Cheibriados
Dithmenos
Vehumet

Annotations:
D:2 1 runed translucent door, Crazy Yiuf
D:3 2 runed translucent doors, Jessica; bmj180's ghost, amateur DrCj
D:5 Dowan; Duvessa


Innate Abilities, Weirdness & Mutations

You cannot be hasted, slowed, berserked, paralysed or teleported.
You can dig through walls and to a lower floor.
Your four strong arms can wield two-handed weapons with a shield.
You have a pair of large antennae on your head. (SInv)
[Potions are poor at restoring your health.]


Message History

You begin to dig a shaft.
You continue digging a shaft.
A shaft appears beneath you!
You fall into a shaft and drop 3 floors!
The shaft crumbles and collapses.
A centaur comes into view.
The centaur shouts!
It was a potion of heal wounds.
Your system partially rejects the healing.
You feel much better.
The centaur wields a +0 shortbow.
The centaur shoots an arrow.
The arrow hits you.
* * * LOW HITPOINT WARNING * * *
The centaur shoots an arrow.
The arrow closely misses you.
The centaur unwields a +0 shortbow.
The centaur closely misses you.
Your system partially rejects the healing.
You feel much better. The centaur hits you. x2
* * * LOW HITPOINT WARNING * * *
You barely miss the centaur. The centaur hits you!
* * * LOW HITPOINT WARNING * * *
The centaur hits you!
You die...

# ###..
####.....
###........
##.#(.........
#(....@c......
#.#...........
#.
##.......... #
##.........
###.......
###.... ###.


You could see a centaur.

Vanquished Creatures
  A scorpion (D:3)
  A hound (D:4)
  A bullfrog skeleton (D:6)
  2 gnolls
  An ooze (D:2)
  A worm (D:2)
  2 dart slugs (D:2)
  3 leopard geckos
  An orc (D:3)
  3 goblins
  8 hobgoblins
  5 jackals (D:1)
  2 quokkas
  7 bats
  2 frilled lizards
  6 kobolds
  4 rats
  A fungus (D:2)
51 creatures vanquished.

Vanquished Creatures (others)
  A starspawn tentacle (Abyss:2)
1 creature vanquished.

Grand Total: 52 creatures vanquished

Notes
Turn   | Place    | Note
-------+----------+-------------------------------------------
     0 | Abyss:1  | Esekla the Formicid Abyssal Knight began the quest for the
                  | Orb.
     0 | Abyss:1  | Reached XP level 1. HP: 18/18 MP: 2/2
    13 | Abyss:2  | Found a corrupted altar of Lugonu.
    13 | Abyss:2  | Found a transporter.
    13 | Abyss:2  | Noticed a lich
    13 | Abyss:2  | Noticed a starcursed mass
    13 | Abyss:2  | Noticed a worldbinder
    13 | Abyss:2  | Noticed a large abomination
    13 | Abyss:2  | Noticed a purple draconian
    13 | Abyss:2  | Noticed a redback
    13 | Abyss:2  | Noticed a tentacled starspawn
    13 | Abyss:2  | Noticed an orange demon
    13 | Abyss:2  | Noticed a wretched star
    13 | Abyss:2  | Noticed an eye of devastation
    13 | Abyss:2  | Noticed a tentacled monstrosity
    15 | Abyss:2  | Noticed a wraith
    15 | Abyss:2  | Noticed a wraith
    15 | Abyss:2  | Noticed a lindwurm
    15 | Abyss:2  | an eye of devastation changed into a lindwurm
    16 | Abyss:2  | Noticed a starcursed mass
    17 | Abyss:2  | Noticed a shadow
    17 | Abyss:2  | Noticed a necromancer
    17 | Abyss:2  | Got a fine copper amulet
    18 | D:1      | Escaped the Abyss
    92 | D:1      | Identified the amulet of Insomnia {Acrobat rF++ MR++ Str+3}
                  | (You found it on level 2 of the Abyss)
   127 | D:1      | Reached * piety under Lugonu
   169 | D:1      | Reached XP level 2. HP: 25/25 MP: 3/3
   259 | D:2      | Reached XP level 3. HP: 19/30 MP: 4/4
   377 | D:2      | Reached skill level 4 in Fighting
  1035 | D:1      | Reached XP level 4. HP: 29/38 MP: 6/6
  1138 | D:2      | Found a radiant altar of Vehumet.
  1342 | D:3      | Found a runed translucent door.
  1360 | D:3      | Reached skill level 1 in Dodging
  1360 | D:3      | Reached XP level 5. HP: 13/43 MP: 7/7
  1372 | D:3      | Noticed bmj180's ghost (amateur DrCj)
  1651 | D:2      | Reached ** piety under Lugonu
  1724 | D:2      | Found a runed translucent door.
  1725 | D:2      | Noticed Crazy Yiuf
  1764 | D:3      | Found a runed translucent door.
  1820 | D:3      | Learned a level 3 spell: Mephitic Cloud
  1821 | D:3      | Noticed Jessica
  1838 | D:4      | Found a snail-covered altar of Cheibriados.
  1901 | D:4      | Reached skill level 1 in Spellcasting
  1925 | D:5      | Entered Level 5 of the Dungeon
  2065 | D:6      | Found a shadowy altar of Dithmenos.
  2084 | D:6      | Noticed a sky beast
  2119 | D:5      | Noticed Duvessa
  2119 | D:5      | Noticed Dowan
  2136 | D:5      | You fall into a shaft and drop 3 floors!
  2136 | D:8      | Noticed a centaur
  2141 | D:8      | HP: 1/43 [centaur (8)]
  2141 | D:8      | Mangled by a centaur

Illustrated notes

Levels and vault maps discovered:
D:1:      dpeg_arrival_water_temple_mockup, layout_basic, serial_forest,
          infiniplex_forest_lined_1, infiniplex_forest_clump_tiny,
          infiniplex_forest_diagonal, infiniplex_forest_zigzag_1,
          grunt_decor_one_mirror
D:2:      layout_rooms, vehumet_crystals, first_ration, uniq_crazy_yiuf_cottage
D:3:      layout_basic, marbit_many_paths, serial_bayou, serial_bayou_lagoon_b,
          serial_bayou_lagoon_a, serial_bayou_pond_e, serial_bayou_pond_c,
          serial_bayou_pond_e, ebering_ghost_sewer_f, uniq_sigmund, uniq_robin,
          uniq_ijyb, uniq_jessica
D:4:      layout_basic, minmay_temple_entry_junction_2, kennysheep_slug_shrine
D:5:      cheibrodos_barr_body, layout_loops_ring, lemuel_doored_altar,
          serial_park_tiny_1, sigmund_army, uniq_duvessa
D:6:      cheibrodos_helix_gallery, layout_loops_ring, kennysheep_mini,
          nicolae_dithmenos_the_darkroom, uniq_menkaure
D:8:      layout_cave_pods, hangedman_pestilent_swarm, uniq_erica

Skill      XL: |  1  2  3  4  5 |
---------------+----------------+-----
Fighting       | 4 |  4.8
Long Blades    | 3 |  3.5
Dodging        | 1 |  1.0
Invocations    | 3 |  3.0
Spellcasting   | 1 |  1.3
Throwing       | |  0.1
Armour         | |  2.6
Stealth        | |  0.1

Action                   |  1- 3 |  4- 6 || total
-------------------------+-------+-------++-------
Melee: Falchion          |    93 |    88 ||   181
Throw: Dart              |       |     5 ||     5
Invok: Depart the Abyss  |     1 |       ||     1
       Bend Space        |       |     2 ||     2
 Abil: Shaft Self        |       |     1 ||     1
  Use: Potion            |       |     2 ||     2
  Eat: Ration            |       |     1 ||     1
Armor: Leather armour    |    22 |    16 ||    38
Dodge: Dodged            |    82 |    60 ||   142
       Rpst.: Falchion   |    25 |    20 ||    45

Table legend:
 A = Non-vault XP
 B = Vault XP
 C = Vault XP percentage of total XP
 D = Non-vault monster count
 E = Vault monster count
 F = Vault count percentage of total count
                 A         B        C        D         E       F
            +---------+---------+-------+---------+---------+-------
      Total |     268 |       0 |   0.0 |      50 |       0 |   0.0
            +---------+---------+-------+---------+---------+-------
        D:1 |      54 |       0 |   0.0 |      25 |       0 |   0.0
        D:2 |      55 |       0 |   0.0 |      16 |       0 |   0.0
        D:3 |      76 |       0 |   0.0 |       6 |       0 |   0.0
        D:4 |      43 |       0 |   0.0 |       1 |       0 |   0.0
        D:5 |       3 |       0 |   0.0 |       1 |       0 |   0.0
        D:6 |      37 |       0 |   0.0 |       1 |       0 |   0.0
            +---------+---------+-------+---------+---------+-------
